 Dungeon Crawl Stone Soup version 0.19-b1-3-g7dea586 (webtiles) character file.

101068 vev the Martial Artist (level 15, 0/130 HPs)
             Began as a Yellow Draconian Ice Elementalist on Oct 29, 2016.
             Was a Follower of Uskayaw.
             Slain by an ogre mage
             ... wielding a +0 halberd
              (5 damage)
             ... on level 2 of the Orcish Mines.
             The game lasted 03:13:55 (31750 turns).

vev the Martial Artist (DrIE)                      Turns: 31750, Time: 03:13:55

Health: 0/130      AC: 28    Str: 10    XL:     15   Next: 82%
Magic:  17/24      EV: 19    Int: 12    God:    Uskayaw [*.....]
Gold:   2170       SH:  5    Dex: 16    Spells: 9 memorised, 2 levels left

rFire  + + .     SeeInvis .       - Unarmed
rCold  . . .     Gourm    .     (armour unavailable)
rNeg   . . .     Faith    .     X - +0 buckler
rPois  +         Spirit   .     J - +2 hat
rElec  .         Reflect  .     g - +2 cloak "Kifank" {+Inv rPois Regen+ Dex-2}
rCorr  +         Harm     .     U - +0 pair of gloves
MR     +....                    M - +2 pair of boots
Stlth  +++.......               T - amulet of magic regeneration
                                H - +3 ring of protection
                                Z - ring of protection from fire

@: icy armour, short of breath, very slightly contaminated, starving, repel
missiles, slow
A: spit acid, acid resistance, unfitting armour, beak, stinger 1, blurry vision
1, dopey 2, fire resistance 1, sense surroundings 1, shaggy fur 1, acidic bite,
cold-blooded, AC +9
a: Spit Acid, Stomp, Renounce Religion, Evoke Invisibility


You were on level 2 of the Orcish Mines.
You worshipped Uskayaw.
Uskayaw was aware of your devotion.
You were starving.

You visited 4 branches of the dungeon, and saw 24 of its levels.
You also visited: Ossuary.

You collected 2170 gold pieces.

Inventory:

Missiles
 y - 6 throwing nets (quivered)
Armour
 g - the +2 cloak "Kifank" (worn) {+Inv rPois Regen+ Dex-2}
   (You found it on level 7 of the Dungeon)

   It affects your dexterity (-2).
   It protects you from poison.
   It lets you turn invisible.
   It increases your rate of regeneration.
 J - a +2 hat (worn)
 M - a +2 pair of boots (worn)
 U - a +0 pair of gloves (worn)
 X - a +0 buckler (worn)
Jewellery
 d - an uncursed ring of ice
 f - an uncursed ring of see invisible
 C - an uncursed ring of protection from magic
 H - a +3 ring of protection (right hand)
 T - an amulet of magic regeneration (around neck)
 Z - a ring of protection from fire (left hand)
Wands
 a - a wand of acid (2/15)
 k - a wand of iceblast (2/15)
 l - a wand of hasting (5/9)
 Q - a wand of digging (4/24)
 S - a wand of digging (7/24)
Scrolls
 e - 11 scrolls of remove curse
 h - 6 scrolls of fear
 j - 2 scrolls of blinking
 p - a scroll of enchant armour
 q - 5 scrolls of magic mapping
 s - 6 scrolls of teleportation
 w - 3 scrolls of fog
 A - 2 scrolls of identify
 I - a scroll of holy word
 P - a scroll of recharging
 W - a scroll of vulnerability
Potions
 c - 12 potions of curing
 i - 3 potions of heal wounds
 n - 8 potions of flight
 u - a potion of lignification
 v - 4 potions of brilliance
 x - 3 potions of invisibility
 D - a potion of magic
 R - a potion of ambrosia
Comestibles
 b - 18 bread rations
 m - 25 fruits
 o - 2 meat rations
 r - 4 chunks of flesh
 B - 2 beef jerkies


   Skills:
 - Level 11.2 Fighting
 - Level 10.0 Dodging
 - Level 4.9 Stealth
 - Level 4.1 Shields
 - Level 14.1 Unarmed Combat
 + Level 6.6 Spellcasting
   Level 1.0 Conjurations
 - Level 3.6 Hexes
 - Level 4.3 Charms
 - Level 2.6 Translocations
 + Level 10.4 Transmutations
 - Level 6.0 Ice Magic
 + Level 7.3 Earth Magic
 - Level 10.2 Invocations
 - Level 3.2 Evocations


You had 2 spell levels left.
You knew the following spells:

 Your Spells              Type           Power        Failure   Level  Hunger
a - Yara's Violent Unrav  Hex/Tmut       ###.......   28%         5    ######.
b - Blink                 Tloc           N/A          12%         2    ##.....
c - Confusing Touch       Hex            ##....       4%          1    None
d - Statue Form           Tmut/Erth      ####.....    71%         6    #######
e - Confuse               Hex            ##......     14%         3    ###....
m - Repel Missiles        Chrm/Air       #.....       12%         2    ##.....
p - Passwall              Tmut/Erth      ####......   1%          2    ##.....
s - Ozocubu's Armour      Chrm/Ice       ###.....     10%         3    ###....
z - Apportation           Tloc           ##........   8%          1    None


Dungeon Overview and Level Annotations

Branches:
Dungeon (15/15)            Temple (1/1) D:7            Lair (6/6) D:11
 Shoals (0/4) Lair:2        Snake (0/4) Lair:3        Slime (0/5) Lair:5
    Orc (2/2) D:10            Elf (0/3) Orc:2        Vaults (0/5) D:13
 Depths (0/5) D:15

Altars:
Ashenzari
Cheibriados
Dithmenos
Elyvilon
Fedhas
Gozag
Hepliaklqana
Kikubaaqudgha
Makhleb
Nemelex Xobeh
Okawaru
Qazlal
Ru
Sif Muna
Trog
Uskayaw
Vehumet
Xom
Yredelemnul
Zin
The Shining One
Jiyva

Shops:
D:7 [   Orc:2 [?}

Annotations:
D:4 Blork the orc
D:10 Josephine
Lair:4 Snorg
Lair:5 exclusion: upstairs


Innate Abilities, Weirdness & Mutations

You can spit globs of acid.
You are resistant to acid.
Your golden yellow scales are hard. (AC +9)
You cannot fit into any form of body armour.
You have acidic saliva.
You are cold-blooded and may be slowed by cold attacks.
You have a beak for a mouth.
Your tail ends in a poisonous barb.
Scrolls take you a little longer to read.
You are very dopey. (Int -4)
Your flesh is heat resistant. (rF+)
You passively map a small area around you.
You are covered in fur. (AC +1)


Message History

You are starving!
The ogre mage gestures at you while chanting.
The bolt of lightning hits you!
* * * LOW HITPOINT WARNING * * *
The ogre mage closely misses you.
An ogre comes into view. It is wielding a giant spiked club.
Okay, then.
Unknown command.
Unknown command.
Evoke which item? (* to show all) (? for menu, Esc to quit)
Okay, then.
Unknown command.
Okay, then.
Unknown command.
Really read with blurry vision while enemies are nearby?
Something hits you!
* * * LOW HITPOINT WARNING * * *
You begin reading the scroll.
You continue reading the scroll.
The ogre mage hits you with a halberd.
You die... ..O......# ...T..... , , ∩....#..## , .....OO..## , , ,, , *#TO..# , ..OO... , ##OT..## ....O..,, #OOOOO.#

......., ,##.OOO####
$......,, ##@####.## .......,
###.).##...# ###
.......####...%..#)..## ##..
* .......#.#.......)....#
###...
..........#........#.##
##.#...
.###...#.###..%....###
##...#.. * ##.#%..##%.....##
##....>..
,..###..#...)..%.####........
... ##..........##.###.......


You could see an ogre mage, a deep troll, a troll, 3 two-headed ogres and 8
ogres.

Vanquished Creatures
  Rupert (D:13)
  Roxanne (D:14)
  An orc warlord (Orc:2)
  Louise (D:14)
  The ghost of Nicoed the Devastator, a journeyman DECj of Sif Muna (Orc:2)
  Azrael (D:12)
  A yaktaur captain (D:15)
  A fire dragon (D:13)
  11 hydras
  Harold (D:12)
  4 centaur warriors
  2 death yaks (Lair:4)
  A tengu warrior (D:15)
  An orc high priest (Orc:2)
  Nergalle (D:11)
  Sonja (Lair:2)
  3 skeletal warriors (D:14)
  An unseen horror (D:15)
  A deep troll (Orc:2)
  2 wizards
  5 hill giants
  2 orc knights
  A wolf spider zombie (D:12)
  An orb spider (shapeshifter) (D:13)
  2 orc sorcerers (Orc:2)
  2 deep elf magi
  8 ugly things
  2 manticores
  5 cyclopes
  A siren (Lair:2)
  10 elephants
  A torpor snail (Lair:6)
  A gargoyle (D:12)
  3 black mambas (Lair:1)
  8 spiny frogs
  2 kobold demonologists (D:15)
  6 rime drakes
  A redback zombie (D:15)
  A yaktaur (D:15)
  9 komodo dragons
  2 freezing wraiths
  4 guardian mummies (D:15)
  A queen bee (Lair:2)
  13 trolls
  4 polar bears
  14 blink frogs
  3 meliai (D:12)
  6 dream sheep (Lair:6)
  A meliai zombie (D:13)
  20 slime creatures
  3 hornets (Lair:6)
  4 two-headed ogres (Orc:2)
  9 hippogriffs
  A shadow (D:14)
  14 spriggans
  Sigmund (D:4)
  A spriggan (shapeshifter) (D:13)
  3 wraiths
  8 wyverns
  37 yaks
  8 basilisks
  A steam dragon (Lair:2)
  4 fire elementals (D:12)
  8 vampire mosquitoes
  A hungry ghost (D:11)
  2 wargs
  An insubstantial wisp (Lair:3)
  3 nagas (Lair:3)
  2 mottled dragons (D:14)
  2 hell hounds (D:12)
  17 water moccasins
  5 porcupines
  A swamp drake (Lair:4)
  4 black bears
  A hornet zombie (D:14)
  20 orc warriors
  4 sky beasts
  6 ice beasts
  3 phantoms
  An eye of draining (D:15)
  2 necrophages (D:12)
  3 boggarts
  18 wolves
  8 centaurs
  8 ogres
  16 crocodiles
  5 big kobolds
  A wyvern zombie (D:11)
  18 bullfrogs
  A scorpion (shapeshifter) (D:15)
  3 scorpions
  72 killer bees
  20 wights
  7 howler monkeys
  6 crimson imps
  A hound (D:8)
  6 jellies
  12 orc priests
  5 centaur skeletons
  9 centaur zombies
  4 iguanas
  19 orc wizards
  A hell rat (Lair:2)
  9 worker ants
  A big kobold zombie (Ossuary)
  2 hound skeletons
  12 mummies
  A worker ant zombie (D:7)
  Robin (D:2)
  12 adders
  A howler monkey skeleton (D:6)
  12 gnolls
  3 shadow imps
  4 oozes (Lair:5)
  An adder zombie (D:9)
  An adder skeleton (D:7)
  3 worms
  2 dart slugs (D:1)
  6 leopard geckos
  49 orcs
  6 bats
  2 giant cockroaches
  13 goblins
  5 hobgoblins
  13 jackals
  8 quokkas
  A ball python (D:2)
  4 frilled lizards
  2 hobgoblin zombies (Ossuary)
  29 kobolds
  2 kobold zombies (Ossuary)
  A leopard gecko skeleton (D:5)
  3 orc zombies (Ossuary)
  10 rats
  A fungus (Lair:6)
816 creatures vanquished.

Vanquished Creatures (others)
  2 yaks (D:12)
  A wight (D:12)
  3 orcs
  14 fungi
  11 plants (Lair:6)
31 creatures vanquished.

Grand Total: 847 creatures vanquished

Notes
Turn   | Place    | Note
-------+----------+-------------------------------------------
     0 | D:1      | vev the Draconian Ice Elementalist began the quest for the Orb.
     0 | D:1      | Reached XP level 1. HP: 14/14 MP: 3/3
   114 | D:1      | Reached skill level 1 in Unarmed Combat
   518 | D:1      | Reached XP level 2. HP: 15/20 MP: 1/5
   673 | D:1      | Reached skill level 2 in Unarmed Combat
  1493 | D:2      | Reached XP level 3. HP: 26/26 MP: 6/6
  1574 | D:2      | Reached skill level 3 in Unarmed Combat
  1579 | D:2      | Learned a level 3 spell: Ozocubu's Armour
  1674 | D:2      | Found a faded altar of an unknown god.
  1751 | D:2      | Found a bloodstained altar of Trog.
  1964 | D:2      | Reached XP level 4. HP: 25/33 MP: 0/7
  2044 | D:2      | Noticed an air elemental
  2045 | D:2      | Found a stormy altar of Qazlal.
  2048 | D:2      | Noticed a water elemental
  2048 | D:2      | Noticed an earth elemental
  2048 | D:2      | Noticed a fire elemental
  2097 | D:2      | Reached skill level 4 in Unarmed Combat
  2241 | D:2      | Noticed Robin
  2249 | D:2      | Killed Robin
  2837 | D:3      | Reached XP level 5. HP: 38/38 MP: 8/8
  3161 | D:3      | Found a glowing golden altar of the Shining One.
  3504 | D:4      | Reached skill level 5 in Unarmed Combat
  3514 | D:4      | Reached skill level 1 in Fighting
  3765 | D:4      | Noticed Sigmund
  3767 | D:4      | Gained mutation: Scrolls take you a little longer to read. [potion of mutation]
  3767 | D:4      | Gained mutation: Scrolls take you longer to read. [potion of mutation]
  3767 | D:4      | Gained mutation: You are clumsy. (Dex -2) [potion of mutation]
  3782 | D:4      | Killed Sigmund
  3782 | D:4      | Reached skill level 3 in Fighting
  3782 | D:4      | Reached XP level 6. HP: 41/51 MP: 2/9
  3879 | D:4      | Reached skill level 6 in Unarmed Combat
  3940 | D:4      | Learned a level 2 spell: Throw Frost
  4017 | D:4      | Noticed Blork the orc
  4165 | D:4      | HP: 5/52 [worker ant (6)]
  4167 | D:4      | Your scales start taking on a golden yellow colour.
  4167 | D:4      | Reached XP level 7. HP: 5/58 MP: 4/10
  4505 | D:4      | Reached skill level 4 in Fighting
  4883 | D:5      | Entered Level 5 of the Dungeon
  4967 | D:5      | Gained mutation: You tend to lose your temper in combat. [potion of mutation]
  4967 | D:5      | Gained mutation: You are dopey. (Int -2) [potion of mutation]
  5005 | D:5      | Reached skill level 1 in Charms
  5227 | D:5      | You fall through a shaft for 2 floors!
  5239 | D:7      | Got an ichor-stained cloak
  5243 | D:7      | Found Qeuphis's Armour Boutique.
  5261 | D:7      | Identified the +2 cloak "Kifank" {+Inv rPois Regen+ Dex-2} (You found it on level 7 of the Dungeon)
  5297 | D:7      | Reached skill level 2 in Charms
  5549 | D:7      | Found a staircase to the Ecumenical Temple.
  5558 | Temple   | Entered the Ecumenical Temple
  5644 | Temple   | Became a worshipper of Uskayaw the Reveler
  5776 | D:6      | Reached * piety under Uskayaw
  5789 | D:6      | Reached skill level 7 in Unarmed Combat
  5789 | D:6      | Reached ** piety under Uskayaw
  5970 | D:6      | Found a shattered altar of Ashenzari.
  5974 | D:6      | Found a deep blue altar of Sif Muna.
  5995 | D:6      | Reached *** piety under Uskayaw
  6128 | D:6      | Reached XP level 8. HP: 62/66 MP: 11/11
  6141 | D:6      | Reached skill level 4 in Ice Magic
  6143 | D:6      | Reached **** piety under Uskayaw
  6148 | D:6      | Reached ***** piety under Uskayaw
  6172 | D:6      | Found a hazy altar of Hepliaklqana.
  6248 | D:6      | Found a sand-covered staircase.
  6257 | Ossuary  | Entered an ossuary
  6286 | Ossuary  | Reached skill level 8 in Unarmed Combat
  6371 | Ossuary  | Reached skill level 2 in Dodging
  6700 | D:6      | Learned a level 2 spell: Blink
  7039 | D:6      | Reached skill level 1 in Translocations
  7241 | D:7      | Reached skill level 2 in Translocations
  7743 | D:8      | Reached skill level 3 in Dodging
  7743 | D:8      | Reached skill level 9 in Unarmed Combat
  7762 | D:8      | Reached XP level 9. HP: 69/71 MP: 12/12
  7898 | D:8      | Found a deep blue altar of Sif Muna.
  7919 | D:8      | Identified Sif Muna's Papyrus of Execration
  7927 | D:8      | Learned a level 1 spell: Confusing Touch
  8032 | D:8      | Learned a level 2 spell: Passwall
  8203 | D:9      | Reached skill level 1 in Hexes
  8447 | D:9      | Reached skill level 2 in Hexes
  8672 | D:9      | Reached skill level 3 in Hexes
  8707 | D:9      | Found an iron altar of Okawaru.
  8790 | D:9      | Reached skill level 10 in Unarmed Combat
  9336 | D:10     | Entered Level 10 of the Dungeon
  9548 | D:10     | Reached skill level 5 in Fighting
  9973 | D:10     | Reached XP level 10. HP: 63/81 MP: 13/13
 10050 | D:10     | Identified a scroll of acquirement
 10164 | D:10     | Noticed Josephine
 10279 | D:10     | Reached skill level 1 in Transmutations
 10314 | D:10     | Found a staircase to the Orcish Mines.
 10439 | D:10     | Reached skill level 2 in Transmutations
 10458 | D:11     | Noticed a purple ugly thing
 10686 | D:11     | Noticed Nergalle
 10712 | D:11     | Killed Nergalle
 10712 | D:11     | Reached skill level 4 in Transmutations
 10740 | D:11     | Noticed a hill giant
 10804 | D:11     | Noticed a brown ugly thing
 10837 | D:11     | Found a staircase to the Lair.
 10900 | D:11     | Reached skill level 5 in Transmutations
 10958 | D:11     | Noticed a cyclops
 11004 | D:10     | Noticed a hill giant
 11010 | D:10     | Killed a hill giant
 11010 | D:10     | Reached skill level 6 in Transmutations
 11192 | D:11     | Reached skill level 7 in Transmutations
 11382 | D:10     | Reached skill level 8 in Transmutations
 11867 | D:10     | Learned a level 2 spell: Repel Missiles
 11891 | D:11     | Killed a cyclops
 11960 | D:11     | Reached XP level 11. HP: 89/89 MP: 14/14
 12110 | D:11     | Noticed a hill giant
 12128 | D:11     | Killed a hill giant
 12128 | D:11     | Reached skill level 9 in Transmutations
 12330 | D:11     | Killed a hill giant
 12330 | D:11     | Reached skill level 10 in Transmutations
 12453 | Lair:1   | Entered Level 1 of the Lair of Beasts
 12468 | Lair:1   | Reached skill level 4 in Dodging
 12726 | Lair:1   | Reached skill level 5 in Dodging
 13043 | Lair:1   | Reached skill level 6 in Dodging
 13097 | Lair:1   | Reached skill level 6 in Fighting
 13245 | Lair:1   | Lost mutation: You are clumsy. (Dex -2) [potion of mutation]
 13245 | Lair:1   | Gained mutation: Your body sometimes deteriorates upon taking damage. [potion of mutation]
 13245 | Lair:1   | Gained mutation: Your spells are a little harder to cast, but a little more powerful. [potion of mutation]
 14047 | Lair:2   | Noticed a seven-headed hydra
 14111 | Lair:2   | Reached skill level 1 in Invocations
 14188 | Lair:2   | Reached skill level 3 in Spellcasting
 14188 | Lair:2   | Reached skill level 2 in Invocations
 14195 | Lair:2   | Found a staircase to the Shoals.
 14525 | Lair:2   | Noticed Sonja
 14536 | Lair:2   | Killed Sonja
 14536 | Lair:2   | Reached skill level 3 in Invocations
 14702 | Lair:2   | Noticed a five-headed hydra
 14719 | Lair:2   | Killed a five-headed hydra
 14719 | Lair:2   | Reached skill level 4 in Spellcasting
 14849 | Lair:2   | Learned a level 1 spell: Apportation
 14867 | Lair:2   | Reached skill level 4 in Invocations
 15007 | Lair:2   | Reached XP level 12. HP: 81/97 MP: 18/18
 15120 | Lair:2   | Reached skill level 11 in Unarmed Combat
 15184 | Lair:2   | Reached skill level 5 in Invocations
 15427 | Lair:2   | Reached skill level 6 in Invocations
 15570 | Lair:2   | Reached skill level 7 in Fighting
 16004 | Lair:2   | Killed a seven-headed hydra
 16411 | Lair:3   | Found a staircase to the Snake Pit.
 16491 | Lair:3   | Reached skill level 8 in Fighting
 16670 | Lair:3   | Reached skill level 12 in Unarmed Combat
 16913 | Lair:3   | Reached skill level 2 in Stealth
 17325 | Lair:4   | Noticed Snorg
 17363 | Lair:4   | Reached skill level 3 in Stealth
 17480 | Lair:3   | Learned a level 3 spell: Confuse
 17952 | Lair:5   | Noticed a six-headed hydra
 18074 | Lair:5   | Found a runed door.
 18075 | Lair:5   | Found a viscous altar of Jiyva.
 18090 | Lair:5   | Reached skill level 7 in Dodging
 18094 | Lair:5   | Found a staircase to the Slime Pits.
 18409 | Lair:5   | Noticed a death yak
 18411 | Lair:5   | Noticed a death yak
 18501 | Lair:4   | Killed a death yak
 18683 | Lair:4   | Killed a death yak
 18683 | Lair:4   | Reached skill level 3 in Charms
 18683 | Lair:4   | Reached XP level 13. HP: 100/108 MP: 19/19
 19113 | Lair:5   | Reached skill level 13 in Unarmed Combat
 19140 | Lair:5   | Reached skill level 5 in Ice Magic
 19709 | Lair:6   | Entered Level 6 of the Lair of Beasts
 19793 | Lair:5   | Reached skill level 8 in Dodging
 20250 | Lair:6   | Reached skill level 6 in Ice Magic
 20940 | Lair:6   | Reached skill level 4 in Charms
 21300 | Lair:6   | Reached skill level 7 in Invocations
 21544 | Lair:6   | Reached skill level 9 in Fighting
 21713 | Lair:5   | Reached skill level 1 in Shields
 21846 | Lair:6   | Reached skill level 2 in Shields
 22011 | Lair:6   | Reached skill level 3 in Shields
 22428 | Lair:6   | Reached skill level 4 in Shields
 22428 | Lair:6   | Gained mutation: You have acidic saliva. [Yellow Draconian growth]
 22428 | Lair:6   | Reached XP level 14. HP: 118/118 MP: 20/20
 23090 | D:12     | Noticed Harold
 23115 | D:12     | Killed Harold
 23258 | D:12     | Reached skill level 4 in Stealth
 23343 | D:12     | Reached skill level 8 in Invocations
 23347 | D:12     | Gained mutation: You can translocate small distances at will. [mutagenic meat]
 23551 | D:12     | Noticed Azrael
 23604 | D:12     | Killed Azrael
 23781 | D:12     | Gained mutation: Your flesh is heat resistant. (rF+) [mutagenic meat]
 23783 | D:12     | Lost mutation: Your spells are a little harder to cast, but a little more powerful. [mutagenic meat]
 24199 | D:13     | Reached skill level 9 in Dodging
 24354 | D:13     | Reached skill level 10 in Fighting
 24644 | D:13     | Gained mutation: You passively map a small area around you. [mutagenic meat]
 24646 | D:13     | Gained mutation: You have a beak for a mouth. [mutagenic meat]
 24741 | D:13     | Reached skill level 9 in Invocations
 25229 | D:13     | Found a gate to the Vaults.
 25474 | D:13     | Gained mutation: You passively map the area around you. [mutagenic meat]
 25476 | D:13     | Gained mutation: Scrolls take you much longer to read. [mutagenic meat]
 25477 | D:13     | Lost mutation: Scrolls take you much longer to read. [mutagenic meat]
 25505 | D:13     | Gained mutation: You are covered in fur. (AC +1) [mutagenic meat]
 25507 | D:13     | Lost mutation: You passively map the area around you. [mutagenic meat]
 25805 | D:14     | Reached ****** piety under Uskayaw
 26158 | D:14     | Found a bloodstained altar of Trog.
 26178 | D:14     | Reached skill level 11 in Fighting
 26199 | D:14     | Reached skill level 10 in Invocations
 26207 | D:14     | Noticed Rupert
 26266 | D:13     | Killed Rupert
 26314 | D:13     | Reached skill level 14 in Unarmed Combat
 26426 | D:13     | Reached XP level 15. HP: 91/130 MP: 22/22
 26431 | D:13     | Reached skill level 10 in Dodging
 26541 | D:14     | Noticed Louise
 27236 | D:14     | Killed Louise
 27236 | D:14     | Reached skill level 1 in Evocations
 27375 | D:14     | Reached skill level 2 in Evocations
 27387 | D:14     | Gained mutation: You are very dopey. (Int -4) [mutagenic meat]
 27388 | D:14     | Lost mutation: You can translocate small distances at will. [mutagenic meat]
 27389 | D:14     | Lost mutation: Scrolls take you longer to read. [mutagenic meat]
 27465 | D:14     | Noticed Roxanne
 28122 | D:14     | Killed Roxanne
 28122 | D:14     | Reached skill level 3 in Evocations
 28218 | D:14     | Reached skill level 1 in Earth Magic
 28311 | D:14     | Reached skill level 2 in Earth Magic
 28534 | D:15     | Entered Level 15 of the Dungeon
 28621 | D:15     | Reached skill level 3 in Earth Magic
 28931 | D:15     | Reached skill level 4 in Earth Magic
 29012 | D:15     | Lost mutation: Your body sometimes deteriorates upon taking damage. [mutagenic meat]
 29047 | D:15     | Reached skill level 5 in Earth Magic
 29367 | D:15     | Gained mutation: You can translocate small distances at will. [mutagenic meat]
 29369 | D:15     | Gained mutation: Your tail ends in a poisonous barb. [mutagenic meat]
 29372 | D:15     | Lost mutation: You tend to lose your temper in combat. [mutagenic meat]
 29374 | D:15     | Lost mutation: You can translocate small distances at will. [mutagenic meat]
 29448 | D:15     | Found a staircase to the Depths.
 29549 | D:15     | Learned a level 6 spell: Statue Form
 29601 | D:15     | Reached skill level 6 in Earth Magic
 29661 | D:15     | Reached skill level 5 in Spellcasting
 30399 | D:11     | Learned a level 5 spell: Yara's Violent Unravelling
 30433 | Orc:1    | Entered Level 1 of the Orcish Mines
 30965 | Orc:2    | Entered Level 2 of the Orcish Mines
 30965 | Orc:2    | Noticed Nicoed's ghost (journeyman DECj)
 31046 | Orc:2    | Reached skill level 6 in Spellcasting
 31141 | Orc:2    | Killed Nicoed's ghost
 31179 | Orc:2    | Found a staircase to the Elven Halls.
 31262 | Orc:2    | Found Uculloex's Gadget Shoppe.
 31344 | Orc:2    | Noticed an orc warlord
 31528 | Orc:2    | Reached skill level 7 in Earth Magic
 31648 | Orc:2    | Killed an orc warlord
 31696 | Orc:2    | Found Gazximag's Antique Armour Shoppe.
 31696 | Orc:2    | Found Natsuept's Magic Scroll Boutique.
 31748 | Orc:2    | HP: 11/130 [ogre mage/bolt of lightning (30)]
 31749 | Orc:2    | HP: 4/130 [something (7)]
 31750 | Orc:2    | Slain by an ogre mage

Skill      XL: |  1  2  3  4  5  6  7  8  9 10 11 12 13 14 15 |
---------------+----------------------------------------------+-----
Unarmed Combat | 1 2 3 4 5 6 7 9 10 12 13 14 | 14.1
Fighting       | 3 4 5 6 8 9 11 | 11.2
Charms         | 2 3 4 |  4.3
Ice Magic      | 4 6 |  6.0
Dodging        | 3 6 7 8 9 10 | 10.0
Translocations | 2 |  2.6
Hexes          | 3 |  3.6
Transmutations | 8 10 | 10.4
Invocations    | 4 6 7 10 | 10.2
Spellcasting   | 4 6 |  6.6
Stealth        | 3 4 |  4.9
Shields        | 4 |  4.1
Evocations     | 3 |  3.2
Earth Magic    | 7 |  7.3
Conjurations   | |  1.0

Action                   |  1- 3 |  4- 6 |  7- 9 | 10-12 | 13-15 || total
-------------------------+-------+-------+-------+-------+-------++-------
Melee: Unarmed           |    36 |   133 |   478 |   935 |  2141 ||  3723
       Tailslap          |     2 |     7 |    41 |   123 |   315 ||   488
       Punch             |       |     1 |    13 |    39 |    30 ||    83
       Bite              |       |       |       |       |   195 ||   195
       Peck              |       |       |       |       |   265 ||   265
 Cast: Freeze            |    55 |    37 |    17 |    61 |   139 ||   309
       Throw Frost       |       |     2 |    28 |    82 |   109 ||   221
       Ozocubu's Armour  |       |       |    14 |    49 |    67 ||   130
       Blink             |       |       |     3 |     7 |    17 ||    27
       Passwall          |       |       |     2 |     5 |    21 ||    28
       Confusing Touch   |       |       |       |    13 |    12 ||    25
       Repel Missiles    |       |       |       |     4 |     7 ||    11
       Confuse           |       |       |       |     4 |    16 ||    20
       Apportation       |       |       |       |     1 |     1 ||     2
       Yara's Violent Un |       |       |       |       |     1 ||     1
Invok: Grand Finale      |       |       |       |       |     1 ||     1
 Abil: Spit Acid         |       |       |    24 |    39 |    46 ||   109
       Evoke Invisibilit |       |       |       |       |    13 ||    13
Evoke: Wand              |       |       |       |     7 |     6 ||    13
       Phantom mirror    |       |       |       |       |     1 ||     1
  Use: Potion            |       |     5 |     7 |     3 |     5 ||    20
       Scroll            |       |     3 |    10 |     9 |    10 ||    32
 Stab: Sleeping          |       |     1 |     1 |     1 |    13 ||    16
       Paralysed         |       |       |     6 |    42 |   143 ||   191
       Confused          |       |       |       |     9 |    13 ||    22
       Distracted        |       |       |       |     2 |     6 ||     8
       Invisible         |       |       |       |       |    28 ||    28
  Eat: Chunk             |     4 |     8 |    28 |    27 |    91 ||   158
       Pizza             |       |       |     1 |       |     1 ||     2
       Meat ration       |       |       |       |     5 |     1 ||     6
       Beef jerky        |       |       |       |     1 |     2 ||     3
       Fruit             |       |       |       |     1 |     1 ||     2
       Royal jelly       |       |       |       |       |     3 ||     3
Armor: Skin              |    22 |    42 |   155 |   376 |   734 ||  1329
Dodge: Dodged            |    44 |    80 |   236 |   565 |  1565 ||  2490
       Deflected         |       |       |       |     3 |    18 ||    21
Block: Buckler           |       |       |       |       |   338 ||   338
